Map: Royal Blood LE

Players

K.I.-2 (Sehr leicht)

  • Race: Protoss Protoss
  • Spawn Location: 7:00

Xung - Winner!

  • Race: Terran Terran
  • League: Master
  • Spawn Location: 1:00

VOD

Have the link to the VOD?

Description

Time

  • Played on: Feb. 28, 2023, 1:45 p.m.
  • Length: 8:23
Show
View Real Time Build Order
Export as new Build Order

K.I.-2 (Sehr leicht) Protoss 

Build Orders:  

Get SALT Encoding   

  12  0:00  Probe  
  13  0:13  Probe  
  14  0:20  Pylon  
  14  0:36  Assimilator  
  14  0:43  Gateway  
  14  0:47  Pylon  
  14  1:13  Assimilator  
  14  1:17  Probe  
  14  1:25  Probe  
  16  1:33  Cybernetics Core, Probe  
  17  1:43  Probe  
  18  1:55  Probe  
  19  2:03  Probe  
  20  2:09  Warp Gate  
  20  2:10  Stalker  
  22  2:28  Pylon  
  22  2:40  Stalker  
  24  3:01  Zealot  
  26  4:26  Probe  
  21  4:34  Probe  
  21  4:44  Probe  
  23  4:56  Probe  
  24  5:07  Probe  
  25  5:15  Probe  
  26  5:22  Zealot  
  26  5:24  Probe  
  26  5:25  Robotics Facility  
  29  5:35  Probe  
  29  5:41  Pylon  
  30  5:47  Probe  
  31  5:59  Probe  
  26  6:11  Probe  
  26  6:13  Observer  
  26  6:16  Stalker  
  30  6:23  Probe  
  31  6:35  Observer  
  32  7:10  Zealot  
  34  7:15  Nexus  
  34  7:29  Pylon  
  34  7:34  Probe  
  33  7:38  Stalker  
  34  7:46  Probe  
  27  7:54  Pylon  
Show
View Real Time Build Order
Export as new Build Order

Xung Terran - Winner!

Build Orders:  

Get SALT Encoding   

  12  0:00  SCV  
  13  0:12  SCV  
  14  0:17  Supply Depot  
  14  0:24  SCV  
  15  0:38  SCV  
  15  0:40  Barracks  
  16  0:43  Refinery  
  16  0:50  SCV  
  16  0:54  Refinery  
  17  1:02  SCV  
  18  1:15  SCV  
  19  1:27  Reaper, Orbital Command  
  19  1:29  Supply Depot  
  20  1:43  Factory  
  20  1:53  SCV  
  21  1:59  Barracks Reactor  
  21  2:05  SCV  
  22  2:18  SCV  
  22  2:21  Command Center  
  23  2:28  Widow Mine  
  25  2:34  Starport  
  25  2:38  Marine  
  25  2:39  Marine  
  27  2:44  SCV  
  27  2:47  Supply Depot  
  28  2:53  Widow Mine  
  28  2:58  SCV  
  31  3:08  Marine x2  
  31  3:10  SCV  
  34  3:15  Factory Tech Lab  
  34  3:16  Medivac  
  36  3:22  SCV  
  36  3:26  Marine x2  
  39  3:32  Orbital Command  
  39  3:34  SCV  
  40  3:43  Factory Tech Lab  
  40  3:44  Barracks  
  40  3:46  Marine x2  
  42  3:52  SCV  
  43  3:59  Raven  
  43  4:02  SCV  
  46  4:04  SCV, Supply Depot  
  46  4:08  Marine  
  46  4:09  Marine  
  49  4:14  SCV  
  49  4:16  Siege Tank, SCV  
  54  4:26  SCV, Marine  
  54  4:28  SCV  
  57  4:33  Supply Depot  
  57  4:37  Refinery, Engineering Bay  
  58  4:38  SCV  
  58  4:40  SCV  
  59  4:47  Starport Reactor  
  59  4:50  Siege Tank  
  59  4:51  Stimpack  
  62  4:55  Marauder, SCV, Marine x2  
  62  4:57  Supply Depot  
  62  4:59  SCV  
  68  5:07  SCV  
  68  5:09  Supply Depot  
  68  5:11  SCV  
  70  5:18  Marine x2  
  70  5:19  Marauder, SCV, Supply Depot  
  75  5:27  Medivac  
  75  5:28  Medivac  
  73  5:35  Barracks  
  72  5:40  Marauder  
  72  5:41  Terran Infantry Weapons Level 1  
  72  5:42  SCV x2  
  76  5:45  Marine  
  76  5:46  Refinery  
  76  5:47  Supply Depot  
  77  5:54  SCV  
  77  5:55  Siege Tank  
  81  5:59  SCV  
  80  6:04  Marine x2  
  80  6:05  Marauder  
  80  6:06  Medivac  
  80  6:08  SCV  
  87  6:21  Supply Depot  
  87  6:22  Barracks Tech Lab  
  87  6:23  Medivac  
  87  6:24  SCV x2  
  91  6:26  Marauder, Command Center  
  91  6:30  Marine x2  
  95  6:36  Siege Tank, SCV  
  95  6:39  SCV  
  100  6:48  SCV  
  100  6:49  Supply Depot  
  100  6:51  Marauder x2, Marine x2  
  100  6:53  SCV  
  108  7:00  SCV  
  109  7:09  Marine  
  109  7:11  Siege Tank, SCV, Marine  
  109  7:13  Marauder, SCV  
  118  7:19  Barracks x2  
  118  7:22  Supply Depot  
  118  7:37  SCV, Marine  
  118  7:38  Marauder  
  118  7:39  Marine  
  118  7:40  Marauder  
  125  7:53  SCV x2, Orbital Command  
  125  7:55  Supply Depot, Marine  
  125  7:56  Supply Depot  
  131  7:59  Marauder  
  131  8:01  Marine x2  
  135  8:09  SCV x2  
Tags
 
League
Master
Matchup
PvT
Spawn Locations
Cross Positions
Add a new tag
Caveats
  • Supply blocks, unpowered buildings, or Contaminate may cause inaccurate times.
  • Supply counts are checked every 10 seconds.